 Dungeon Crawl Stone Soup version 0.29.0-4-gdea44cf6ec (webtiles) character file.

Game seed: 5464017699902661851

162 qw the Chopper (level 5, -1/30 HPs)
             Began as a Tengu Warper on Aug 28, 2022.
             Slain by a gnoll
             ... wielding a +2 vorpal spear
              (9 damage)
             ... on level 4 of the Dungeon.
             The game lasted 00:00:13 (2355 turns).

qw the Chopper (Tengu Warper)                       Turns: 2355, Time: 00:00:14

Health: -1/30      AC: 10    Str: 13    XL:     5   Next: 43%
Magic:  9/9        EV:  4    Int: 14    God:
Gold:   128        SH:  0    Dex: 13    Spells: 8/8 levels left

rFire   . . .      SeeInvis .   h - +0 war axe
rCold   . . .      Faith    .   (no shield)
rNeg    . . .      Spirit   .   l - +0 plate armour
rPois   .          Reflect  .   (helmet restricted)
rElec   .          Harm     .   (no cloak)
rCorr   .          Rampage  .   (no gloves)
Will    .....                   (boots unavailable)
Stlth   ..........              (no amulet)
HPRegen 0.10/turn               (no ring)
MPRegen 0.11/turn               (no ring)

@: flying quickly and evasively, quick
A: beak, talons 3, nimble flight
a: no special abilities


You were on level 4 of the Dungeon.
You visited 1 branch of the dungeon, and saw 4 of its levels.

You collected 128 gold pieces.


Innate Abilities, Weirdness & Mutations

You have a beak for a mouth.
You have claws for feet.
Your magical nature lets you fly swiftly and evasively.


   Skills:
 - Level 2.0 Fighting
 + Level 5.7 Axes
 - Level 1.0 Throwing
 - Level 2.0 Armour
 - Level 2.1 Dodging
 - Level 2.0 Spellcasting
 - Level 2.4 Translocations


You had 8 spell levels left.
You didn't know any spells.
Your spell library contained the following spells:

 Spells                   Type           Power      Damage    Failure   Level
 Blink                    Tloc           16%        N/A       100%        2
 Gell's Gravitas          Tloc           8%         N/A       100%        3
 Lesser Beckoning         Tloc           8%         N/A       100%        3
 Teleport Other           Tloc           8%         N/A       100%        3
 Manifold Assault         Tloc           8%         N/A       100%        5

Inventory:

Hand Weapons
 h - a +0 war axe (weapon)
 m - a +0 flail
Missiles
 f - 5 boomerangs
 k - 6 javelins (quivered)
Armour
 l - a +0 plate armour (worn)
Scrolls
 b - a scroll of vulnerability {unknown}
 c - 2 scrolls of teleportation
 d - 3 scrolls of identify
Potions
 a - a potion of cancellation
 e - a potion of might
 g - a potion of ambrosia {unknown}
 j - a potion of heal wounds {unknown}
 n - a potion of mutation {unknown}

Dungeon Overview and Level Annotations

Branches:
Dungeon (4/15)
 Temple: D:4-7

Altars:

Shops:
D:2 [


Message History

2342 ||| Stepping ~*~*~tactically~*~*~ (hiding).
You start waiting.
A gnoll is nearby!
2344 ||| Stepping ~*~*~tactically~*~*~ (hiding).
A gnoll comes into view. It is wielding a +0 whip.
The gnoll shouts!
Found a golden potion.
The gnoll shouts!
The gnoll hits you but does no damage.
The gnoll throws a throwing net.
The throwing net hits you.
You become entangled in the net!
You see here a throwing net.
You struggle against the net.
The gnoll hits you with a +0 spear.
You struggle against the net.
The gnoll hits you with a +0 spear.
You struggle against the net.
The gnoll hits you but does no damage.
You rip the net and break free!
The gnoll hits you but does no damage. The gnoll barely misses you.
You hit the gnoll. You claw the gnoll.
The gnoll is severely wounded.
You completely miss the gnoll.
The gnoll hits you from afar with a +2 vorpal spear.
The gnoll hits you but does no damage. The gnoll hits you with a +0 whip.
You closely miss the gnoll.
The gnoll is severely wounded.
You hit the gnoll but do no damage.
The gnoll hits you from afar with a +2 vorpal spear.
The gnoll hits you with a +0 spear. The gnoll hits you but does no damage.
The gnoll barely misses you. The gnoll hits you but does no damage.
The gnoll hits you from afar with a +2 vorpal spear.
You closely miss the gnoll. You claw the gnoll.
You kill the gnoll!
You closely miss the gnoll. The gnoll hits you with a +0 whip.
The gnoll hits you but does no damage.
You slash the gnoll!
The gnoll is heavily wounded.
The gnoll hits you but does no damage.
The gnoll hits you from afar with a +2 vorpal spear!
You die...

# ###...###### .
#.)..## #.#...#
##...#.# #...##.###
## #....#...# .#
#.##...#.# ....
...####...# #
#.....####@#
##..#.....)g....!. ##
#...######.g.....
.#######.#.## #.....#
............####
(....#
######...#......
.....# # ##.....#.###
....# #
#..........### .....
####.......##..<#....


You could see 2 gnolls.

Vanquished Creatures
  An orc wizard (D:3)
  A gnoll (D:4)
  6 adders
  2 dart slugs
  7 orcs
  4 endoplasms
  2 giant cockroaches
  6 goblins
  3 hobgoblins
  6 jackals
  2 quokkas
  5 ball pythons
  5 bats
  3 frilled lizards
  3 kobolds
  5 rats
61 creatures vanquished.

Notes
Turn   | Place    | Note
-------+----------+-------------------------------------------
     0 | D:1      | qw the Tengu Warper began the quest for the Orb.
     0 | D:1      | Reached XP level 1. HP: 12/12 MP: 4/4
     0 | D:1      | 0 ||| qw: Version: 0.1-a-89-g26bdef1
     0 | D:1      | 0 ||| qw: Game counter: 2088
     0 | D:1      | 0 ||| qw: Always use a shield: true
     0 | D:1      | 0 ||| qw: God list: Okawaru
     0 | D:1      | 0 ||| qw: Allow faded altars: false
     0 | D:1      | 0 ||| qw: Do Orc after D:15 true
     0 | D:1      | 0 ||| qw: Do second Lair branch before Depths: true
     0 | D:1      | 0 ||| qw: Lair rune preference: random
     0 | D:1      | 0 ||| qw: Plans: Normal
     0 | D:1      | 0 ||| PLANNING D:1-11
    11 | D:1      | 11 ||| Stepping ~*~*~tactically~*~*~ (stealth).
    84 | D:1      | 84 ||| Stepping ~*~*~tactically~*~*~ (stealth).
   117 | D:1      | 117 ||| Stepping ~*~*~tactically~*~*~ (stealth).
   118 | D:1      | 118 ||| Stepping ~*~*~tactically~*~*~ (stealth).
   120 | D:1      | 120 ||| Stepping ~*~*~tactically~*~*~ (stealth).
   207 | D:1      | Reached XP level 2. HP: 17/17 MP: 6/6
   230 | D:1      | Reached skill level 3 in Axes
   421 | D:1      | 421 ||| READING scroll labelled HUGINA TUESHUCK.
   424 | D:1      | 424 ||| READING scroll labelled ZISATEYHACH.
   425 | D:1      | 425 ||| READING scroll labelled DARISA HAD KUF.
   426 | D:1      | 426 ||| READING scroll labelled TOXKICSITWA.
   427 | D:1      | 427 ||| DROPPING scroll of blinking.
   522 | D:2      | 522 ||| Stepping ~*~*~tactically~*~*~ (stealth).
   523 | D:2      | 523 ||| Stepping ~*~*~tactically~*~*~ (stealth).
   524 | D:2      | 524 ||| Stepping ~*~*~tactically~*~*~ (stealth).
   586 | D:2      | Reached XP level 3. HP: 17/21 MP: 7/7
   718 | D:2      | Found a faded altar of an unknown god.
   723 | D:2      | Reached skill level 4 in Axes
  1122 | D:2      | Found Erurrez's Antique Armour Shop.
  1133 | D:2      | 1133 ||| SHOPLISTING chain mail (99 gold, have 40).
  1133 | D:2      | 1133 ||| SHOPLISTING glowing leather armour (110 gold, have
                  | 40).
  1133 | D:2      | 1133 ||| SHOPLISTING runed scale mail (154 gold, have 40).
  1133 | D:2      | 1133 ||| SHOPLISTING shiny plate armour (572 gold, have
                  | 40).
  1164 | D:2      | 1164 ||| UPGRADING to +0 scale mail.
  1174 | D:2      | 1174 ||| DROPPING +0 leather armour.
  1175 | D:2      | 1175 ||| READING scroll labelled ONANIVE GIRO.
  1176 | D:2      | 1176 ||| READING scroll labelled YVOPTI NONO.
  1177 | D:2      | 1177 ||| READING scroll labelled IWKETO BAT TIDD.
  1178 | D:2      | 1178 ||| DRINKING 2 inky potions.
  1179 | D:2      | 1179 ||| DRINKING 2 bubbling brown potions.
  1180 | D:2      | 1180 ||| DRINKING 2 yellow potions.
  1210 | D:3      | 1210 ||| Stepping ~*~*~tactically~*~*~ (stealth).
  1215 | D:3      | Reached XP level 4. HP: 26/26 MP: 8/8
  1502 | D:3      | 1502 ||| Stepping ~*~*~tactically~*~*~ (hiding).
  1508 | D:3      | 1508 ||| DRINKING potion of curing.
  1508 | D:3      | 1508 ||| (to cure confusion)
  1514 | D:3      | Reached skill level 5 in Axes
  1514 | D:3      | 1514 ||| DROPPING +0 club.
  1585 | D:3      | 1585 ||| SWAPPING to +0 war axe.
  1638 | D:3      | 1638 ||| DROPPING +0 mace.
  1639 | D:3      | 1639 ||| DROPPING +0 hand axe of venom.
  2032 | D:3      | 2032 ||| UPGRADING to +0 plate armour.
  2042 | D:3      | 2042 ||| DROPPING +0 scale mail.
  2043 | D:3      | 2043 ||| DROPPING +0 chain mail.
  2044 | D:3      | 2044 ||| READING 2 scrolls of identify.
  2044 | D:3      | 2044 ||| IDENTIFYING red potion
  2045 | D:3      | 2045 ||| DROPPING potion of degeneration.
  2128 | D:4      | Gained mutation: Your magical nature lets you fly swiftly
                  | and evasively. [Tengu growth]
  2128 | D:4      | Reached XP level 5. HP: 27/30 MP: 9/9
  2162 | D:4      | 2162 ||| Stepping ~*~*~tactically~*~*~ (stealth).
  2181 | D:4      | 2181 ||| Stepping ~*~*~tactically~*~*~ (stealth).
  2182 | D:4      | 2182 ||| Stepping ~*~*~tactically~*~*~ (stealth).
  2301 | D:4      | 2301 ||| Stepping ~*~*~tactically~*~*~ (stealth).
  2311 | D:4      | 2311 ||| Stepping ~*~*~tactically~*~*~ (stealth).
  2321 | D:4      | 2321 ||| Stepping ~*~*~tactically~*~*~ (stealth).
  2322 | D:4      | 2322 ||| Stepping ~*~*~tactically~*~*~ (stealth).
  2323 | D:4      | 2323 ||| Stepping ~*~*~tactically~*~*~ (stealth).
  2342 | D:4      | 2342 ||| Stepping ~*~*~tactically~*~*~ (hiding).
  2344 | D:4      | 2344 ||| Stepping ~*~*~tactically~*~*~ (hiding).
  2355 | D:4      | Slain by a gnoll

Levels and vault maps discovered:
D:1:      reono_arrival_mine, layout_rooms
D:2:      layout_basic, hellmonk_ecumenical_altar_dog_temple, serial_shops,
          nicolae_shop_statue_plus
D:3:      layout_basic, minmay_misc_feat_rows
D:4:      layout_rooms

Skill      XL: |  1  2  3  4  5 |
---------------+----------------+-----
Axes           | 3 4 5 |  5.7
Armour         | 2 |  2.0
Fighting       | |  2.0
Throwing       | |  1.0
Dodging        | |  2.1
Spellcasting   | |  2.0
Translocations | |  2.4

Action                   |  1- 3 |  4- 6 || total
-------------------------+-------+-------++-------
Melee: Hand axe          |    39 |    19 ||    58
       Kick              |     8 |    11 ||    19
       Peck              |     4 |     4 ||     8
       War axe           |       |    23 ||    23
       Punch             |       |     1 ||     1
Throw: Boomerang         |    29 |       ||    29
       Javelin           |     7 |    28 ||    35
  Use: Scroll            |     7 |     1 ||     8
       Potion            |     3 |     1 ||     4
Armor: Leather armour    |     9 |       ||     9
       Scale mail        |       |     7 ||     7
       Plate armour      |       |    23 ||    23
Dodge: Dodged            |    26 |    10 ||    36

Table legend:
 A = Non-vault XP
 B = Vault XP
 C = Vault XP percentage of total XP
 D = Non-vault monster count
 E = Vault monster count
 F = Vault count percentage of total count
                 A         B        C        D         E       F
            +---------+---------+-------+---------+---------+-------
      Total |     224 |       8 |   3.4 |      57 |       4 |   6.6
            +---------+---------+-------+---------+---------+-------
        D:1 |      17 |       0 |   0.0 |      10 |       0 |   0.0
        D:2 |      53 |       8 |  13.1 |      18 |       4 |  18.2
        D:3 |      69 |       0 |   0.0 |      16 |       0 |   0.0
        D:4 |      85 |       0 |   0.0 |      13 |       0 |   0.0
            +---------+---------+-------+---------+---------+-------
